[Event "*** Titled Tuesday 3|2 Blitz"]
[Site "Chess.com"]
[Date "2015.07.07"]
[Round "1"]
[White "nijat_a"]
[Black "kesarev"]
[Result "1-0"]
[WhiteElo "2601"]
[BlackElo "2202"]
[TimeControl "180+2"]
[EndTime "11:02:17 PDT"]
[Termination "nijat_a won by resignation"]

1. d4 Nf6 2. Nf3 g6 3. c4 Bg7 4. Nc3 O-O 5. e4 d6 6. Be2 e5 7. O-O Nc6 8. Be3 Ng4 9. Bg5 f6 10. Bc1 Nh6 11. Be3 Ng4 12. Bc1 Nh6 13. d5 Ne7 14. Be3 Ng4 15. Bd2 Bh6 16. h3 Bxd2 17.
Qxd2 1-0

[Event "*** Titled Tuesday 3|2 Blitz"]
[Site "Chess.com"]
[Date "2015.07.07"]
[Round "1"]
[White "WanderingPuppet"]
[Black "Imre91"]
[Result "0-1"]
[WhiteElo "2210"]
[BlackElo "2605"]
[TimeControl "180+2"]
[EndTime "11:03:24 PDT"]
[Termination "Imre91 won by resignation"]

1. e4 e6 2. d4 d5 3. Nc3 dxe4 4. Nxe4 Bd7 5. Nf3 Bc6 6. Bd3 Nd7 7. Qe2 Ngf6 8. Bd2 Nxe4 9. Bxe4 Bxe4 10. Qxe4 c6 11. O-O-O Bd6 12. Kb1 Qc7 13. Qh4 h6 14. Rhe1 Be7 15. Qg4 Bf6 16. Bf4 Qb6 17. Be5 h5 18. Qg3 O-O-O 19. Bc7 Qxc7 0-1

[Event "*** Titled Tuesday 3|2 Blitz"]
[Site "Chess.com"]
[Date "2015.07.07"]
[Round "1"]
[White "jbj"]
[Black "Carolina-moon"]
[Result "1-0"]
[WhiteElo "2271"]
[BlackElo "1987"]
[TimeControl "180+2"]
[EndTime "11:04:02 PDT"]
[Termination "jbj won by resignation"]

1. e4 c5 2. d4 cxd4 3. c3 dxc3 4. Nxc3 Nc6 5. Nf3 e6 6. Bc4 a6 7. O-O Nge7 8. Bg5 f6 9. Be3 b5 10. Bb3 Bb7 11. Nd5 exd5 12. exd5 Ne5 13. Nxe5 fxe5 14.
d6 Nf5 15. f4 Nxe3 16. Qh5+ g6 17. Qxe5+ Qe7 18. dxe7 1-0

[Event "*** Titled Tuesday 3|2 Blitz"]
[Site "Chess.com"]
[Date "2015.07.07"]
[Round "1"]
[White "viditchess"]
[Black "Jahonas"]
[Result "1-0"]
[WhiteElo "2385"]
[BlackElo "2102"]
[TimeControl "180+2"]
[EndTime "11:04:21 PDT"]
[Termination "viditchess won by resignation"]

1. d4 c6 2. c4 d5 3. Nf3 Nf6 4. e3 dxc4 5. Bxc4 e6 6. O-O Be7 7. Qe2 b6 8. e4 O-O 9. Nc3 a5 10. Bf4 Ba6 11. Rfd1 Bxc4 12. Qxc4 b5 13. Qe2 b4 14.
Na4 Nbd7 15. Rac1 Nh5 16. Be3 Qc8 17. Ne5 Nxe5 18. dxe5 g6 19. Nb6 Qa6 20. Qf3 Rad8 21. g4 Ng7 22. Nd7 Rxd7 23. Rxd7 Re8 24. Bc5 1-0

[Event "*** Titled Tuesday 3|2 Blitz"]
[Site "Chess.com"]
[Date "2015.07.07"]
[Round "1"]
[White "facu57"]
[Black "Hikaru"]
[Result "0-1"]
[WhiteElo "2222"]
[BlackElo "2833"]
[TimeControl "180+2"]
[EndTime "11:04:53 PDT"]
[Termination "Hikaru won by resignation"]

1. e4 d6 2. d4 g6 3. Nc3 Bg7 4. f4 c6 5. Nf3 Bg4 6. Be3 Qb6 7. Rb1 Bxf3 8. gxf3 e5 9. Ne2 Qa5+ 10. Qd2 Qxd2+ 11. Kxd2 Nd7 12. Bh3 Ngf6 13. c3 Rd8 14. Kc2 Bh6 15. Bc1 exd4 16. Nxd4 Nh5 17. f5 Bxc1 18. Rbxc1 Nf4 19.
Bf1 Ne5 20. Ne2 g5 21. Nxf4 gxf4 22. Be2 Ke7 23. Rhg1 Rhg8 24. Kd2 h6 25. b3 Rg5 26. h4 Rh5 27. Rh1 d5 28. exd5 Rxd5+ 29. Ke1 Rxf5 30.
Kf2 Rd2 31. Kf1 Rxa2 32. Re1 Rf6 33. Rg1 Re6 34. Rg8 Ra3 35. Rb1 b5 36. Rb8 a5 37.
Rb2 Rd6 38. Kf2 Kf6 39. Rh8 Kg7 40. Re8 Nd3+ 41. Bxd3 Rxd3 0-1

[Event "*** Titled Tuesday 3|2 Blitz"]
[Site "Chess.com"]
[Date "2015.07.07"]
[Round "1"]
[White "Bab3s"]
[Black "jcibarra"]
[Result "0-1"]
[WhiteElo "2188"]
[BlackElo "2566"]
[TimeControl "180+2"]
[EndTime "11:05:23 PDT"]
[Termination "jcibarra won by resignation"]

1. e4 c5 2. c3 Nf6 3. e5 Nd5 4. Nf3 e6 5. Bc4 d6 6. O-O Nc6 7. d4 cxd4 8. cxd4 Be7 9. Qe2 O-O 10. Nc3 Nxc3 11. bxc3 dxe5 12. dxe5 Qa5 13. Bd2 Bd7 14. Rfe1 Rfd8 15. Bb3 Rac8 16. Qe4 Be8 17. Rad1 Qc7 18. Ng5 g6 19. h4 Na5 20. h5 Nxb3 21. axb3 Rxd2 22.
Nxe6 Qxc3 23. Qxb7 Rd7 24. Qe4 Rxd1 25. Rxd1 fxe6 0-1

[Event "*** Titled Tuesday 3|2 Blitz"]
[Site "Chess.com"]
[Date "2015.07.07"]
[Round "1"]
[White "Recombinant"]
[Black "Ginger_GM"]
[Result "0-1"]
[WhiteElo "2114"]
[BlackElo "2419"]
[TimeControl "180+2"]
[EndTime "11:05:45 PDT"]
[Termination "Ginger_GM won by resignation"]

1. d4 e6 2. c4 f5 3. g3 Nf6 4.
Bg2 Be7 5. Nc3 O-O 6. Nf3 d6 7. O-O a5 8. b3 Ne4 9. Bb2 Nxc3 10. Bxc3 Qe8 11. a4 Nc6 12. d5 Nd8 13. dxe6 Nxe6 14. Nd4 Nc5 15. e3 c6 16. Rb1 Bd8 17.
Nxc6 bxc6 18. Qxd6 Ne4 19. Bxe4 fxe4 20. Qc5 Bg4 21. Kg2 Bf3+ 22. Kg1 Qe6 23. Qd4 Bf6 0-1

[Event "*** Titled Tuesday 3|2 Blitz"]
[Site "Chess.com"]
[Date "2015.07.07"]
[Round "1"]
[White "Tirantes"]
[Black "Hafez_Bakr"]
[Result "1-0"]
[WhiteElo "2239"]
[BlackElo "1732"]
[TimeControl "180+2"]
[EndTime "11:06:25 PDT"]
[Termination "Tirantes won by resignation"]

1. c4 c5 2. Nf3 d6 3. d4 cxd4 4. Nxd4 Nf6 5. Nc3 g6 6. g3 Bg7 7. Bg2 O-O 8. O-O a6 9. b3 Qc7 10. Bb2 Nc6 11. e3 Bd7 12. Rc1 Rac8 13. Qd2 Nxd4 14.
Qxd4 Bc6 15. Nd5 Nh5 16. Qd2 Qd8 17. Bxg7 Nxg7 18. Rfd1 Bxd5 19. Bxd5 Qb6 20. h4 h5 21. Qb2 e6 22. Qe2 exd5 23. Rxd5 Ne6 24. Rcd1 Rfd8 25. Qf3 Rc5 26. R5d2 Rf5 27. Qe4 Re5 28. Qf3 Nc5 29.
Rd4 Ne6 30. R4d2 Nc5 31. Rd4 Re6 32. g4 hxg4 33. Rxg4 Qc6 34. Rd5 Re5 35. h5 Qe8 36. hxg6 fxg6 37. Rxe5 dxe5 38. Kg2 e4 39. Qf6 Qf7 40.
Rxg6+ Kf8 41. Qxd8+ Qe8 42. Rg8+ Kxg8 43. Qxe8+ 1-0

[Event "*** Titled Tuesday 3|2 Blitz"]
[Site "Chess.com"]
[Date "2015.07.07"]
[Round "1"]
[White "AndreyOstrovskiy"]
[Black "alexsuper1987"]
[Result "1-0"]
[WhiteElo "2346"]
[BlackElo "2039"]
[TimeControl "180+2"]
[EndTime "11:06:41 PDT"]
[Termination "AndreyOstrovskiy won by resignation"]

1. e4 e6 2. d4 d5 3. Nc3 Nc6 4. e5 Nge7 5. f4 Nf5 6. Nf3 h5 7. g3 Be7 8. Bh3 g6 9. Ne2 b6 10. c3 Bb7 11. O-O Qd7 12. b4 a5 13. b5 Na7 14. a4 c6 15. bxc6 Qxc6 16. Ba3 Ba6 17. Bxe7 Nxe7 18. Rf2 O-O 19. f5 Nxf5 20. Bxf5 exf5 21. Nf4 Rfd8 22. Ng5 Qxc3 23. e6 fxe6 24. Nxg6 Kg7 25. Nf4 Rh8 26. Ngxe6+ Kf6 27. Rc1 Qe3 28. Nxd5+ 1-0

[Event "*** Titled Tuesday 3|2 Blitz"]
[Site "Chess.com"]
[Date "2015.07.07"]
[Round "1"]
[White "geeeeri"]
[Black "AlexCn1"]
[Result "1-0"]
[WhiteElo "2318"]
[BlackElo "2038"]
[TimeControl "180+2"]
[EndTime "11:06:42 PDT"]
[Termination "geeeeri won by resignation"]

1. e4 e5 2. Nf3 Nc6 3. Bc4 Bc5 4. c3 Nf6 5. d3 O-O 6. O-O a6 7. Bb3 h6 8. Re1 Re8 9. h3 b5 10. Nbd2 d6 11. Nf1 Be6 12. g4 Qd7 13. Ng3 Bxg4 14. hxg4 Qxg4 15. Kg2 Nh5 16. Nh2 Nf4+ 17. Bxf4 Qxf4 18.
Qf3 Ne7 19. d4 Qxf3+ 20. Nxf3 exd4 21. cxd4 Bb4 22. Re3 Ng6 23. Ne2 c5 24. a3 Ba5 25.
dxc5 dxc5 26. Bd5 Rad8 27. Kg3 Bc7+ 28. Kg4 h5+ 29. Kxh5 Nf4+ 30. Nxf4 Bxf4 31. Ree1 Rd6 32. Kg4 Bh6 33. Nh4 Re5 34. f4 Re8 35. Rad1 Kf8 36. Nf5 Rg6+ 37. Kf3 Rd8 38. Rg1 Rxg1 39. Rxg1 b4 40.
a4 c4 41. Nxh6 gxh6 42. Bxc4 Rd2 43. b3 Rc2 44. e5 1-0

[Event "*** Titled Tuesday 3|2 Blitz"]
[Site "Chess.com"]
[Date "2015.07.07"]
[Round "1"]
[White "Viaje"]
[Black "ashookk"]
[Result "1-0"]
[WhiteElo "2247"]
[BlackElo "1951"]
[TimeControl "180+2"]
[EndTime "11:06:51 PDT"]
[Termination "Viaje won by resignation"]

1. d4 Nf6 2. c4 Nc6 3. Nf3 e6 4. a3 d6 5. Nc3 e5 6. d5 Ne7 7. e4 Ng6 8. Be2 Be7 9. h4 Bg4 10. g3 a5 11. Ng5 Bxe2 12. Qxe2 h6 13. Nf3 Nf8 14. h5 N8d7 15. Nh4 Nc5 16. Nf5 O-O 17. Rh4 Nb3 18. Bxh6 gxh6 19. Rd1 Nd4 20. Rxd4 exd4 21. Qd2 Qd7 22. Qxh6 Qxf5 23. exf5 dxc3 24.
bxc3 Rfe8 25. Kf1 Bd8 26. Rf4 c6 27. g4 Ne4 28. f6 Bxf6 29. Rxf6 Nxf6 30. Qxf6 cxd5 31.
h6 1-0

[Event "*** Titled Tuesday 3|2 Blitz"]
[Site "Chess.com"]
[Date "2015.07.07"]
[Round "1"]
[White "wonderfultime"]
[Black "kharposh"]
[Result "1-0"]
[WhiteElo "2568"]
[BlackElo "2192"]
[TimeControl "180+2"]
[EndTime "11:07:07 PDT"]
[Termination "wonderfultime won on time"]

1. d4 d5 2. c4 dxc4 3. e4 e5 4. Nf3 exd4 5. Bxc4 Bb4+ 6. Nbd2 Nc6 7. O-O Be6 8. Bxe6 fxe6 9. Nb3 e5 10. Nxe5 Nxe5 11. Qh5+ Ng6 12. Qb5+ Qd7 13. Qxb7 Rd8 14. Qxb4 N8e7 15. Rd1 Nc6 16. Qc5 Qd6 17. Bg5 Qxc5 18. Nxc5 Rd6 19. Rac1 h6 20. Bd2 O-O 21. Nd3 Rfd8 22.
Rc5 Kf7 23. Rdc1 Nge7 24. f4 g6 25. Kf2 Re6 26. Kf3 Rd7 27. b4 h5 28. b5 Nd8 29.
Ne5+ 1-0

[Event "*** Titled Tuesday 3|2 Blitz"]
[Site "Chess.com"]
[Date "2015.07.07"]
[Round "1"]
[White "BjarkeSahl"]
[Black "jlandaw"]
[Result "1-0"]
[WhiteElo "2106"]
[BlackElo "2337"]
[TimeControl "180+2"]
[EndTime "11:07:09 PDT"]
[Termination "BjarkeSahl won on time"]

1. e4 e5 2. Nf3 Nc6 3. d4 exd4 4. Bc4 Nf6 5. e5 d5 6. Bb5 Ne4 7. Nxd4 Bc5 8. O-O O-O 9. Bxc6 bxc6 10. f3 f6 11. Kh1 fxe5 12. Nxc6 Qh4 13. fxe4 Bg4 14. Qxd5+ Kh8 15. Nd2 Bf2 16. Nxe5 Bh5 17. Ndf3 Qf6 18. Bg5 Qb6 19. Bh4 Bc5 20. Ng5 Rxf1+ 21. Rxf1 h6 22. Nef7+ Bxf7 23. Nxf7+ 1-0

[Event "*** Titled Tuesday 3|2 Blitz"]
[Site "Chess.com"]
[Date "2015.07.07"]
[Round "1"]
[White "FMchesskid"]
[Black "amaidel"]
[Result "0-1"]
[WhiteElo "2027"]
[BlackElo "2346"]
[TimeControl "180+2"]
[EndTime "11:07:35 PDT"]
[Termination "amaidel won by resignation"]

1. d4 f5 2. c4 Nf6 3. g3 g6 4. Bg2 Bg7 5. Nh3 O-O 6. Nc3 d6 7. d5 Qe8 8. Nf4 Na6 9. Qc2 Nc5 10. b4 Nce4 11. Bb2 Nxc3 12. Bxc3 c6 13. O-O Bd7 14. Rad1 Rc8 15. Qb2 g5 16. Ne6 Bxe6 17. dxe6 Qh5 18. b5 cxb5 19. Qxb5 Ng4 20. h3 Bxc3 21. hxg4 fxg4 22.
Bxb7 Rc5 23. Qd7 Bf6 24. Bd5 a5 25. Rb1 Qg6 26. Rb5 Rxb5 27. cxb5 Qc2 28. b6 Bd4 29. b7 Qxe2 30. Qc8 Bxf2+ 31. Kh2 Qxf1 32. Qxf8+ Kxf8 33. b8=Q+ Kg7 0-1

[Event "*** Titled Tuesday 3|2 Blitz"]
[Site "Chess.com"]
[Date "2015.07.07"]
[Round "1"]
[White "zmaj23"]
[Black "pedromartinez91"]
[Result "1-0"]
[WhiteElo "2427"]
[BlackElo "2138"]
[TimeControl "180+2"]
[EndTime "11:07:44 PDT"]
[Termination "zmaj23 won by resignation"]

1. e4 c5 2. Nf3 Nc6 3. d4 cxd4 4. Nxd4 g6 5. Nc3 Bg7 6. Be3 Nf6 7. Bc4 O-O 8. Bb3 a5 9. f3 d6 10. Qd2 Nxd4 11. Bxd4 Bd7 12. a4 Be6 13. Bxe6 fxe6 14. O-O-O Qc7 15. Nb5 Qc6 16. Kb1 e5 17. Be3 Nh5 18.
Rc1 Nf4 19. g3 Ne6 20. Rhf1 Qc4 21. Qd5 Qxd5 22. exd5 Nd8 23. c4 Nf7 24. c5 dxc5 25.
Bxc5 Rfd8 26. Bxe7 Rd7 27. d6 Bf8 28. Nc7 Rc8 29.
Nd5 Rxc1+ 30. Rxc1 Nxd6 31. Nf6+ Kf7 32. Nxd7 Bxe7 33.
Nxe5+ Ke6 34. Rc7 Bf6 35. Nd3 Bd4 36. Nc5+ Kd5 37. Nxb7 Nc4 38. Rd7+ Ke5 39. f4+ Ke4 40. Nd6+ Nxd6 41. Rxd6 Bg1 42. Rd2 Be3 43. Re2 Kd3 44.
Rxe3+ Kxe3 45. Kc2 h5 46. b4 axb4 47. a5 h4 48. a6 h3 49. a7 Kf2 50. a8=Q Kg1 51. Qf3 Kxh2 52. Kd2 b3 53. Qxb3 Kg1 54. Qe3+ Kg2 55.
Ke2 h2 56. Qf3+ Kh3 57. Qf1+ Kxg3 58. Qh1 Kh3 59. Kf3 g5 60. fxg5 Kh4 1-0

[Event "*** Titled Tuesday 3|2 Blitz"]
[Site "Chess.com"]
[Date "2015.07.07"]
[Round "1"]
[White "lukas_111111"]
[Black "AlexanderL"]
[Result "0-1"]
[WhiteElo "2169"]
[BlackElo "2525"]
[TimeControl "180+2"]
[EndTime "11:07:51 PDT"]
[Termination "AlexanderL won on time"]

1. d4 Nf6 2. c4 c5 3. d5 b5 4. cxb5 a6 5. bxa6 g6 6. Nc3 Bg7 7. e4 O-O 8. Nf3 Qa5 9. Nd2 Bxa6 10. Be2 e6 11. O-O exd5 12. exd5 Re8 13. Nc4 Qc7 14. d6 Qa7 15. Bg5 Nc6 16. a4 Nd4 17. Bd3 Bxc4 18. Bxc4 Qb6 19. Bxf6 Bxf6 20. Nb5 Nxb5 21.
Bxb5 Re6 22. Qf3 Ra7 23. Rfd1 Rxd6 24. Rxd6 Qxd6 25. Rd1 Bd4 26. Bc4 Qe7 27. b3 Kg7 28. g3 Rc7 29. Kg2 Rc6 30. Rd2 Rf6 31. Qe2 Rxf2+ 32. Qxf2 Bxf2 33. Rxf2 Qe4+ 34. Kg1 d5 35.
Bf1 Qb4 36. Rf3 f5 37. Bb5 Kf6 38. Kg2 c4 39. bxc4 dxc4 40. Rf2 c3 0-1

[Event "*** Titled Tuesday 3|2 Blitz"]
[Site "Chess.com"]
[Date "2015.07.07"]
[Round "1"]
[White "FancyPlaySyndrome"]
[Black "MinhGTrAn"]
[Result "0-1"]
[WhiteElo "2186"]
[BlackElo "2577"]
[TimeControl "180+2"]
[EndTime "11:07:56 PDT"]
[Termination "MinhGTrAn won by checkmate"]

1. e4 c5 2. Nf3 d6 3. d4 cxd4 4. Nxd4 Nf6 5. Nc3 a6 6. f3 e5 7. Nb3 Be6 8. Be3 Nbd7 9. Qd2 b5 10. Nd5 Nxd5 11. exd5 Bf5 12. Na5 Qc7 13. Rc1 Be7 14. Nc6 Nf6 15. c4 bxc4 16. Bxc4 O-O 17. O-O Rfe8 18. b4 e4 19. a4 exf3 20. gxf3 Bh3 21. Rfe1 Qd7 22. Qf2 Qf5 23. Bd4 Bf8 24. Qg3 Nh5 25.
Qf2 Nf4 26. Qg3 Nh5 27. Qf2 g6 28. b5 axb5 29. axb5 Bh6 30. Rb1 Nf4 31. b6 Qg5+ 32. Kh1 Bg2+ 33. Kg1 Nh3# 0-1

[Event "*** Titled Tuesday 3|2 Blitz"]
[Site "Chess.com"]
[Date "2015.07.07"]
[Round "1"]
[White "newtie4"]
[Black "goldaxe"]
[Result "1-0"]
[WhiteElo "2463"]
[BlackElo "2156"]
[TimeControl "180+2"]
[EndTime "11:07:56 PDT"]
[Termination "newtie4 won by resignation"]

1. d4 Nf6 2. Bg5 Ne4 3. Bf4 d5 4. e3 c5 5. Bd3 Nf6 6. dxc5 Nc6 7. Nf3 Bg4 8. Bg5 e5 9. Be2 Bxc5 10. Bxf6 gxf6 11.
Nc3 Be6 12. O-O O-O 13. Nd2 Qd7 14. Nb3 Bb6 15. Na4 Rac8 16. Qd2 Rfd8 17. Rad1 d4 18. Nxb6 axb6 19. Bd3 Bf5 20. Qe2 Nb4 21. exd4 Nxc2 22.
Bxc2 Rxc2 23. Qf3 e4 24. Qf4 Rxb2 25. d5 Rxa2 26. h3 Bg6 27. Qxf6 Re8 28. d6 Ra3 29. Nd4 Rd3 30. Ne2 Re6 31. Qf4 Qxd6 32. Qc1 Re5 33. Nf4 Rxd1 34. Rxd1 Qe7 35. Nd5 Qe6 36. Ne3 b5 37.
Ng4 Rd5 38. Rxd5 Qxd5 39. Nf6+ 1-0

[Event "*** Titled Tuesday 3|2 Blitz"]
[Site "Chess.com"]
[Date "2015.07.07"]
[Round "1"]
[White "jup1978"]
[Black "Dr-Bassem"]
[Result "0-1"]
[WhiteElo "2154"]
[BlackElo "2472"]
[TimeControl "180+2"]
[EndTime "11:08:04 PDT"]
[Termination "Dr-Bassem won by resignation"]

1. e4 e5 2. Nf3 Nc6 3. Bb5 a6 4.
Ba4 Nf6 5. Qe2 d6 6. c3 Bd7 7.
d4 Be7 8. d5 Nb8 9. Bxd7+ Nbxd7 10. c4 O-O 11. Nc3 a5 12. O-O Nc5 13. Ne1 a4 14. f3 Nh5 15. Nd3 Qd7 16. Be3 b6 17. Qc2 h6 18. b4 axb3 19. axb3 Bg5 20. Bxc5 bxc5 21. b4 Be3+ 22. Kh1 cxb4 23. Nxb4 Rxa1 24. Rxa1 Bc5 25. Nd3 Bd4 26. Rb1 f5 27. exf5 Qxf5 28.
Ne4 Qg6 29. Qe2 Ra8 30. c5 Kh7 31. cxd6 cxd6 32. Qc2 Ra5 33. Nb4 Rb5 34. Qd3 Ng3+ 35.
Nxg3 Qxd3 0-1

[Event "*** Titled Tuesday 3|2 Blitz"]
[Site "Chess.com"]
[Date "2015.07.07"]
[Round "1"]
[White "TheLancer"]
[Black "eltenedor"]
[Result "1-0"]
[WhiteElo "2285"]
[BlackElo "1995"]
[TimeControl "180+2"]
[EndTime "11:08:09 PDT"]
[Termination "TheLancer won by resignation"]

1. e4 c5 2. Nc3 Nc6 3. f4 g6 4. Nf3 Bg7 5. Bc4 a6 6. a4 e6 7.
f5 Nge7 8. fxe6 fxe6 9. d3 d5 10. Bb3 O-O 11. O-O Nd4 12. Ba2 Nxf3+ 13. Rxf3 d4 14.
Rxf8+ Qxf8 15. Ne2 Be5 16. Bd2 Qf6 17. Qf1 Bd7 18.
Qxf6 Bxf6 19. Nf4 Kf7 20. Rf1 Nc6 21. Nh5 gxh5 22. Bg5 Rf8 23. Rxf6+ Kg7 24. Bh6+ Kxf6 25. Bxf8 b6 26. Bd6 Ne5 27. Bc7 b5 28. axb5 axb5 29. Bb6 c4 30. Bxd4 cxd3 31. cxd3 b4 32. Bc4 Ba4 33.
b3 Bc6 34. Kf2 h4 35. Ke3 1-0

[Event "*** Titled Tuesday 3|2 Blitz"]
[Site "Chess.com"]
[Date "2015.07.07"]
[Round "1"]
[White "chessloveyou"]
[Black "KyronGriffith"]
[Result "1/2-1/2"]
[WhiteElo "1972"]
[BlackElo "2251"]
[TimeControl "180+2"]
[EndTime "11:08:21 PDT"]
[Termination "Game drawn by agreement"]

1. d4 d5 2. Nf3 e6 3. g3 Nf6 4. Bg2 Be7 5. O-O O-O 6. c4 c6 7.
cxd5 cxd5 8. Nc3 b6 9. Bf4 Bb7 10. Rc1 Nc6 11. a3 a6 12. b4 Rc8 13. Na4 Nh5 14.
Be3 f5 15. Ne5 f4 16. gxf4 Nxf4 17. Bxf4 Rxf4 18. e3 Rf6 19. Kh1 Nxe5 20. dxe5 Rh6 21. Qd4 a5 22. Rxc8 Bxc8 23. Nxb6 axb4 24. axb4 Bf8 25.
Ra1 Bb7 26. Ra7 Qc7 27. Ra1 Qc2 28. Rf1 Ba6 29. Rg1 Qxf2 30. b5 Bxb5 31. Nxd5 Bc6 32. Nf6+ gxf6 33. Bxc6+ Kh8 34. Rg2 Qf1+ 35. Rg1 Qf2 36.
Rg2 Qe1+ 37. Rg1 Qf2 38. Qf4 Qxf4 1/2-1/2

[Event "*** Titled Tuesday 3|2 Blitz"]
[Site "Chess.com"]
[Date "2015.07.07"]
[Round "1"]
[White "Danirod"]
[Black "stefanodinn"]
[Result "1/2-1/2"]
[WhiteElo "2415"]
[BlackElo "2136"]
[TimeControl "180+2"]
[EndTime "11:08:38 PDT"]
[Termination "Game drawn by agreement"]

1. e4 e5 2. Nf3 Nc6 3. Bc4 Bc5 4.
c3 Nf6 5. d4 exd4 6. cxd4 Bb4+ 7.
Bd2 Nxe4 8. Bxb4 Nxb4 9. Bxf7+ Kxf7 10. Qb3+ d5 11. Ne5+ Ke6 12. Qxb4 Qf8 13. Qxf8 Rxf8 14. f3 Nf6 15. Nc3 c6 16. O-O-O Kd6 17. Rhe1 Be6 18. Nd3 Rae8 19. Kd2 Bc8 20. b4 b6 21. a4 Rxe1 22.
Rxe1 Re8 23. Rxe8 Nxe8 24. Ne2 Bf5 25. Nef4 Nc7 26. g4 Bxd3 27. Kxd3 g6 28. Nh3 Ne6 29. f4 c5 30. dxc5+ bxc5 31. f5 gxf5 32. gxf5 Nf8 33.
bxc5+ Kxc5 34. Ng5 h6 35. Nf7 h5 36. h4 Nd7 37. Nd8 Ne5+ 38. Ke3 d4+ 39. Ke4 d3 40. Ke3 Kd5 41. f6 Ng4+ 42. Kxd3 Nxf6 43. Nf7 Nd7 44. Ke3 Ke6 45. Nd8+ Kf5 46. Nc6 a6 47. Nb4 Nc5 48.
a5 Nb3 49. Nxa6 Nxa5 50. Kf3 Nc4 51. Nc5 Ne5+ 52. Kg3 Ng6 53. Nd3 1/2-1/2

[Event "*** Titled Tuesday 3|2 Blitz"]
[Site "Chess.com"]
[Date "2015.07.07"]
[Round "1"]
[White "GeorgMeier"]
[Black "162a54f5d"]
[Result "1-0"]
[WhiteElo "2727"]
[BlackElo "2221"]
[TimeControl "180+2"]
[EndTime "11:08:41 PDT"]
[Termination "GeorgMeier won by resignation"]

1. Nf3 f5 2. g3 Nf6 3. Bg2 g6 4. O-O Bg7 5. d4 O-O 6. c4 d6 7. Nc3 Qe8 8. Qb3 Na6 9. Be3 Kh8 10. Rad1 c6 11. d5 c5 12. a3 Nc7 13. Qc2 b5 14. Nd2 Ng4 15. Bf4 Bd7 16. h3 Nf6 17. b4 cxb4 18. axb4 bxc4 19. Nxc4 Rc8 20. Qb3 Nb5 21.
Nxb5 Bxb5 22. Rc1 Qf7 23. Rfd1 h6 24. Be3 a6 25. Bd4 Nd7 26. Bxg7+ Kxg7 27. e3 Qf6 28. Na5 Ne5 29. f4 Nd7 30. Nc6 Qf7 31. Nd4 Kh7 32.
Ne6 Rfe8 33. Rc3 Nb6 34. Rdc1 Qg8 35. Rc7 Bd7 36. Kf2 Bxe6 37. dxe6 Qg7 38. R1c6 Rxc7 39. Rxc7 Qf6 40. Rb7 Nc8 41. Bd5 h5 42. h4 Kh6 43.
Qa3 Rd8 44. Qc1 Qf8 45. Qc3 Re8 46. Ke2 Qg7 47. Qxg7+ Kxg7 48. Kd3 Kf6 49. Kc4 Rd8 50. Kb3 Rh8 51. Ka4 1-0

[Event "*** Titled Tuesday 3|2 Blitz"]
[Site "Chess.com"]
[Date "2015.07.07"]
[Round "1"]
[White "MFBerna"]
[Black "MichiganEagle"]
[Result "1-0"]
[WhiteElo "2076"]
[BlackElo "2256"]
[TimeControl "180+2"]
[EndTime "11:08:43 PDT"]
[Termination "MFBerna won by resignation"]

1. e4 c5 2. Nf3 e6 3. d4 cxd4 4. Nxd4 Nc6 5. Nc3 Qc7 6. Be2 a6 7. O-O Nf6 8. Be3 Bb4 9. Na4 Be7 10. Nxc6 bxc6 11. Nb6 Rb8 12. Nxc8 Qxc8 13. Bd4 c5 14. Be5 Rb6 15. Qd3 d6 16. Bc3 O-O 17. b3 Qc6 18. Bf3 e5 19. Qc4 Qb5 20. Qxb5 Rxb5 21. a4 Rb6 22. a5 Rc6 23. Ra4 Rb8 24. Be2 Ne8 25.
Bc4 Nc7 26. Bb2 Kf8 27. f4 f6 28. fxe5 dxe5 29. Bxe5 Rb7 30. Raa1 Ke8 31. Bg3 Bd6 32. Bxd6 Rxd6 33. Rad1 Ke7 34. Rxd6 Kxd6 35. Rd1+ Ke7 36. Kf2 Rb8 37. Ke3 h5 38. c3 Ne8 39. Rd5 Nd6 40.
Bxa6 Rxb3 41. Rxc5 Ra3 42. Bd3 g5 43. a6 Ke6 44.
Rc7 h4 45. a7 Ra2 46. Kd4 Ra4+ 47. Kc5 Ne8 48. Rc8 Nd6 49. a8=Q Rxa8 50. Rxa8 h3 51. gxh3 Ke5 52. Rf8 Nb7+ 53. Kb4 Nd6 54. c4 Nxe4 55. Bxe4 Kxe4 56. Rxf6 g4 57. hxg4 Ke5 1-0

[Event "*** Titled Tuesday 3|2 Blitz"]
[Site "Chess.com"]
[Date "2015.07.07"]
[Round "1"]
[White "stepanosinovsky"]
[Black "PauloCesarCosta"]
[Result "1-0"]
[WhiteElo "2306"]
[BlackElo "2005"]
[TimeControl "180+2"]
[EndTime "11:08:57 PDT"]
[Termination "stepanosinovsky won on time"]

1. g3 Nf6 2. Bg2 d5 3. d3 c6 4. Nf3 Bg4 5. O-O Nbd7 6. h3 Bh5 7. Nbd2 e6 8. c4 Be7 9. a3 O-O 10. b4 dxc4 11. Nxc4 Nb6 12. Nce5 Nfd7 13. Bb2 Nxe5 14. Nxe5 Nd7 15. Nc4 Nb6 16. Na5 Rb8 17. Rc1 Bf6 18.
Bxf6 Qxf6 19. Qd2 Rfc8 20. Rc2 Rd8 21. Rfc1 a6 22. Qe3 Nd5 23. Qa7 h6 24. Nxb7 Qe7 25. Nxd8 Qxa7 26. Nxc6 Qa8 27. Nxb8 Kh7 28. Nc6 Qe8 29.
a4 Ne7 30. b5 axb5 31. axb5 Nc8 32. Ne5 Nb6 33. Rc6 Na4 34. g4 Bg6 35. b6 Nxb6 36.
Rxb6 h5 37. Nxg6 fxg6 38. Be4 hxg4 39. hxg4 Qf7 40. e3 Qf6 41. Kg2 Kg8 42. Rb8+ Kh7 43. Rh1+ 1-0

[Event "*** Titled Tuesday 3|2 Blitz"]
[Site "Chess.com"]
[Date "2015.07.07"]
[Round "1"]
[White "AungTZ"]
[Black "LuckyTiger"]
[Result "0-1"]
[WhiteElo "2136"]
[BlackElo "2430"]
[TimeControl "180+2"]
[EndTime "11:09:17 PDT"]
[Termination "LuckyTiger won by resignation"]

1. e4 e6 2. d4 d5 3. exd5 exd5 4. Nc3 c6 5. Bd3 Bd6 6. h3 Ne7 7. Nf3 Bf5 8. O-O O-O 9. Bg5 f6 10. Be3 Nd7 11. Ne2 Qc7 12. Qd2 Rfe8 13. Rfe1 Nf8 14. Nh4 Bxd3 15. Qxd3 Nfg6 16. Nxg6 hxg6 17. c4 dxc4 18.
Qxc4+ Nd5 19. Nc3 Qf7 20. Nxd5 Qxd5 21. Qxd5+ cxd5 22. Rac1 a5 23. Kf1 a4 24. Rc2 Kf7 25. Rec1 Ke6 26. a3 Kd7 27. Bd2 Re4 28. Bc3 Rae8 29.
Re1 Rxe1+ 30. Bxe1 Re4 31. Bc3 f5 32. f3 Re8 33.
Re2 Rc8 34. Rc2 b5 35. Ke2 g5 36. Kd3 Rc4 37. Re2 g6 38. Re1 Rc8 39. Re2 Rf8 40. Bd2 g4 41. hxg4 fxg4 42. fxg4 Rf1 43. Bg5 Rd1+ 44. Rd2 Rb1 45. Re2 b4 46. axb4 Bxb4 47.
Kc2 Rf1 48. Be3 Kc6 49. Bd2 Kb5 50. Kd3 Rd1 51. Kc2 Rxd2+ 52. Rxd2 Bxd2 53. Kxd2 Kc4 54. Ke3 Kb3 55. Kf4 Kxb2 56. Kg5 a3 57. Kxg6 a2 58. Kf6 a1=Q 59. g5 Qf1+ 60. Ke5 Qxg2 61. Kf6 Qf3+ 62.
Ke7 Qe4+ 63. Kd6 Qxd4 0-1

[Event "*** Titled Tuesday 3|2 Blitz"]
[Site "Chess.com"]
[Date "2015.07.07"]
[Round "1"]
[White "Schemato"]
[Black "Tomsel"]
[Result "0-1"]
[WhiteElo "2018"]
[BlackElo "2303"]
[TimeControl "180+2"]
[EndTime "11:09:19 PDT"]
[Termination "Tomsel won by resignation"]

1. c4 Nf6 2. Nc3 g6 3. g3 d5 4. cxd5 Nxd5 5. Bg2 Nxc3 6. bxc3 Bg7 7. Rb1 O-O 8. Rxb7 Bxb7 9. Bxb7 Nd7 10. Bxa8 Qxa8 11. Nf3 Ne5 12. O-O Nxf3+ 13. exf3 Qd5 14. Qe2 e5 15. d3 Rd8 16. Rd1 a5 17. c4 Qc6 18.
Ba3 Qa4 19. Be7 Rb8 20. Bg5 h6 21. Be3 Kh7 22. Kg2 Qa3 23. Rd2 a4 24. f4 Re8 25.
fxe5 Rxe5 26. d4 Re7 27. Qd3 Qb4 28. d5 a3 29. Bd4 Bxd4 30. Qxd4 Re1 31. Qf4 Kg7 32.
Rd3 Qb1 33. Qd4+ Kg8 34. Kh3 Qxa2 35. Re3 Rxe3 36. Qxe3 Qxc4 37. Qe8+ Kg7 38. Qe5+ Kh7 39.
f4 Qf1+ 40. Kh4 Qd3 41. g4 a2 42. f5 g5+ 0-1